[Event "Internationales Werder Bremen IM-Turnier"]
[Site "SV Werder Bremen, Clubräume in der Hemelinger Straße 17, Germany"]
[Date "2018.06.16"]
[Round "1.3"]
[White "Wachinger, Nikolas"]
[Black "Charmeteau, Sven"]
[Result "1-0"]
[TimeControl "90 Minuten/40 Züge + 30 Minuten/Rest + 30 Sekunden ab dem ersten Zug"]
[BlackTitle "FM"]
[WhiteFideId "12962791"]
[BlackFideId "638285"]
[WhiteElo "2292"]
[BlackElo "2287"]

1. e4 c5 2. Nc3 a6 3. g3 b5 4. Bg2 Bb7 5. d3 e6 6. f4 d5 7. f5 b4 8. Nce2 dxe4 9. fxe6 f5 10.
Nh3 Be7 11. O-O g6 12. Nf2 Nf6 13. Bh6 Qb6 14. Bg7 Rg8 15. Bxf6 Bxf6 16. dxe4 Bxb2 17. Rb1 Be5 18. exf5 Bxg2 19.
Kxg2 gxf5 20. Nf4 Bxf4 21. Qh5+ Kd8 22. Rbd1+ Kc8 23. Qxf5 Bc7 24. Ne4 Kb7 25. e7 Nc6 26. Rd7 Nd4 27.
Nxc5+ 1-0

[Event "Internationales Werder Bremen IM-Turnier"]
[Site "SV Werder Bremen, Clubräume in der Hemelinger Straße 17, Germany"]
[Date "2018.06.16"]
[Round "1.2"]
[White "Kardoeus, David"]
[Black "Osmanodja, Filiz"]
[Result "0-1"]
[TimeControl "90 Minuten/40 Züge + 30 Minuten/Rest + 30 Sekunden ab dem ersten Zug"]
[BlackTitle "WIM"]
[WhiteFideId "12912050"]
[BlackFideId "24633569"]
[WhiteElo "2226"]
[BlackElo "2352"]

1. e4 c5 2. Nf3 d6 3. d4 cxd4 4. Nxd4 Nf6 5. Nc3 Nc6 6. Bg5 e6 7. Qd2 Be7 8. O-O-O O-O 9. h4 Nxd4 10.
Qxd4 Qa5 11. Kb1 Bd7 12. Qd2 Kh8 13. f4 Bc6 14. Rh3 Rfd8 15. Bd3 Rac8 16. Qe2 e5 17. Bc4 exf4 18. Bxf4 Bd7 19.
Bxf7 Bxh3 20. gxh3 Rf8 21. Be6 Rce8 22. Nd5 Nxd5 23. Rxd5 Qa6 24. Qh5 Rxf4 25. Qxe8 Rf8 26. Qh5 g6 27.
Qg4 Rf1+ 28. Rd1 h5 0-1

[Event "Internationales Werder Bremen IM-Turnier"]
[Site "SV Werder Bremen, Clubräume in der Hemelinger Straße 17, Germany"]
[Date "2018.06.16"]
[Round "1.1"]
[White "Molchanov, Oleksii"]
[Black "Grigorian, Spartak"]
[Result "1/2-1/2"]
[TimeControl "90 Minuten/40 Züge + 30 Minuten/Rest + 30 Sekunden ab dem ersten Zug"]
[WhiteTitle "FM"]
[WhiteFideId "14119820"]
[BlackFideId "24661490"]
[WhiteElo "2350"]
[BlackElo "2359"]

1. Nf3 d5 2. e3 Nf6 3. c4 e6 4. b3 c5 5. Bb2 Nc6 6. cxd5 exd5 7. Be2 Bd6 8. Nc3 O-O 9. d4 cxd4 10.
Nxd4 Re8 11. O-O Nxd4 12. Qxd4 Be5 13. Qd3 Ne4 14. Rad1 Bf5 15. Nxe4 Bxe4 16. Qd2 Bxh2+ 17. Kxh2 Qh4 18.
Kg1 Bxg2 19. Kxg2 Re6 20. Rh1 Rg6+ 21. Bg4 Qxg4+ 22. Kf1 Rc8 23. Ke1 Rg5 24. Qd4 Qg2 25. Qh4 h6 26. Rf1 Rc2 27.
Bc1 Rxa2 28. Bd2 d4 29. Qxd4 Rd5 30. Qc4 b5 31. Qe2 Qe4 32. f3 Qc2 33. e4 Rd3 34. e5 Qxb3 35. Qe4 Raxd2 36. Qa8+ Kh7 37. Rxd2 Qb1+ 38. Ke2 Rxd2+ 39. Kxd2 Qxf1 40. Qe4 Kh8 41. Qa8 Kh7 42. Qe4 g6 43. e6 Qf2+ 44. Kd3 fxe6 45.
Qb7 Kg8 46. Qc8+ Kf7 47. Qc7+ Ke8 48. Qc8+ Ke7 49. Qc7+ Kf6 50. Qf4+ Ke5 51. Ke4+ 1/2-1/2

[Event "Internationales Werder Bremen IM-Turnier"]
[Site "SV Werder Bremen, Clubräume in der Hemelinger Straße 17, Germany"]
[Date "2018.06.16"]
[Round "1.4"]
[White "Reuker, Jari"]
[Black "Ahlander, Björn"]
[Result "0-1"]
[TimeControl "90 Minuten/40 Züge + 30 Minuten/Rest + 30 Sekunden ab dem ersten Zug"]
[BlackTitle "IM"]
[WhiteFideId "12909300"]
[BlackFideId "1700251"]
[WhiteElo "2389"]
[BlackElo "2435"]

1. d4 Nf6 2. c4 e6 3. Nc3 d5 4. cxd5 Nxd5 5. e4 Nxc3 6. bxc3 c5 7. Nf3 cxd4 8. cxd4 Bb4+ 9. Bd2 Bxd2+ 10. Qxd2 O-O 11. Bc4 Nd7 12. O-O b6 13. Rad1 Bb7 14. Rfe1 Re8 15. Qf4 Rc8 16. Bb5 Re7 17. Rc1 Rxc1 18.
Rxc1 Nf6 19. Bd3 h6 20. e5 Nd5 21. Qe4 g6 22. Qg4 Rc7 23. Re1 Kg7 24. Be4 Qe7 25. h4 h5 26. Qg3 Rc3 27.
Rd1 b5 28. Rd3 Rxd3 29. Bxd3 Qa3 30. Ng5 Qc1+ 31. Kh2 Nf4 32. Bxb5 Bxg2 33. Qe3 Qh1 34. Kg3 Nd5 35. Qd2 Qg1 36.
Nh3 Bxh3+ 37. Kxh3 Qh1 38. Kg3 Qg1+ 39. Kh3 Qg4 40. Kh2 Qxh4 41. Kg1 Qg4+ 42. Kf1 Qe4 43. Bc6 Qh1+ 44. Ke2 Qe4+ 45. Kf1 Qf3 46. Ke1 h4 47. Bxd5 exd5 48.
Qg5 h3 49. Qh4 Qe4+ 50. Qxe4 dxe4 51. Kf1 g5 52. d5 Kf8 53. Kg1 g4 54. Kh2 Ke7 55. Kg3 f6 56. e6 Kd6 0-1

[Event "Internationales Werder Bremen IM-Turnier"]
[Site "SV Werder Bremen, Clubräume in der Hemelinger Straße 17, Germany"]
[Date "2018.06.16"]
[Round "1.5"]
[White "Grabarczyk, Miroslav"]
[Black "Skliarov, Viktor"]
[Result "1/2-1/2"]
[TimeControl "90 Minuten/40 Züge + 30 Minuten/Rest + 30 Sekunden ab dem ersten Zug"]
[WhiteTitle "GM"]
[BlackTitle "IM"]
[WhiteFideId "1101684"]
[BlackFideId "14106736"]
[WhiteElo "2402"]
[BlackElo "2359"]

1. d4 Nf6 2. c4 e6 3. Nf3 b6 4. g3 Bb7 5. Bg2 Be7 6. O-O O-O 7. Nc3 Ne4 8. Bd2 f5 9. Rc1 Bf6 10.
Qc2 Nxc3 11. Bxc3 Be4 12. Qd2 d5 13. b3 c6 14. Rfd1 a5 15. e3 Qd7 16. Qe2 Na6 17. Bf1 Bxf3 18.
Qxf3 Nc7 19. Qe2 a4 20. Qc2 axb3 21. axb3 Rfc8 22. Ra1 Ne8 23. Rdc1 Nd6 24. Rxa8 Rxa8 25. Bb4 Ne4 26. cxd5 cxd5 27.
Qc6 Qxc6 28. Rxc6 Ra2 29. Rc8+ Kf7 30. Bb5 Kg6 31. Be1 Ra1 32. Kf1 Nd2+ 33. Ke2 Nxb3 34. Rc6 Rb1 35. Rxb6 Bxd4 36.
Rxe6+ Kf7 37. Rc6 Bf6 38. Ba6 d4 39. Bc4+ Ke8 40. Bxb3 Rxb3 41. exd4 Bxd4 42. Rc4 Bf6 43. Bd2 Kf7 44.
h4 1/2-1/2


[ePGN "0.1;DGT LiveChess/2.1"]

[Event "Internationales Werder Bremen IM-Turnier"]
[Site "SV Werder Bremen, Clubräume in der Hemelinger Straße 17, Germany"]
[Date "2018.06.17"]
[Round "2.4"]
[White "Osmanodja, Filiz"]
[Black "Wachinger, Nikolas"]
[Result "0-1"]
[TimeControl "90 Minuten/40 Züge + 30 Minuten/Rest + 30 Sekunden ab dem ersten Zug"]
[WhiteTitle "WIM"]
[WhiteFideId "24633569"]
[BlackFideId "12962791"]
[WhiteElo "2352"]
[BlackElo "2292"]

1. e4 c5 2. Nf3 a6 3. Nc3 e6 4. d4 cxd4 5. Nxd4 b5 6. Bd3 d6 7. O-O Nf6 8. a4 b4 9. Na2 e5 10.
Nb3 Nc6 11. c3 bxc3 12. Nxc3 Be6 13. Bg5 Be7 14. Nd2 O-O 15. Bxf6 Bxf6 16. Bc4 Nd4 17. Nd5 Bg5 18. a5 Rb8 19.
Ra2 Qc8 20. b3 Bxd5 21. Bxd5 Bxd2 22. Qxd2 Qc5 23. Qd3 Rb5 24. Rfa1 Rfb8 25. Bc4 Rb4 26. Rc1 Nxb3 27. Bxf7+ Kh8 28.
Rd1 Nc1 29. Qxa6 Nxa2 30. Bxa2 Rb2 0-1

[Event "Internationales Werder Bremen IM-Turnier"]
[Site "SV Werder Bremen, Clubräume in der Hemelinger Straße 17, Germany"]
[Date "2018.06.17"]
[Round "2.2"]
[White "Ahlander, Björn"]
[Black "Grabarczyk, Miroslav"]
[Result "1/2-1/2"]
[TimeControl "90 Minuten/40 Züge + 30 Minuten/Rest + 30 Sekunden ab dem ersten Zug"]
[WhiteTitle "IM"]
[BlackTitle "GM"]
[WhiteFideId "1700251"]
[BlackFideId "1101684"]
[WhiteElo "2435"]
[BlackElo "2402"]

1. d4 d5 2. c4 e6 3. Nc3 Nf6 4. cxd5 exd5 5. Bg5 c6 6. e3 Bf5 7. Qf3 Bg6 8. Bxf6 Qxf6 9. Qxf6 gxf6 10.
Nf3 Nd7 11. Nh4 Be7 12. Ne2 f5 13. g3 Nf8 14. Ng2 h5 15. h4 Nd7 16. Ngf4 Nf6 17. Nd3 a5 18. Nef4 Bd6 19. Be2 Ke7 20.
f3 Nd7 21. Kf2 Kf6 22. Rhc1 Ra7 23. a4 Re8 1/2-1/2

[Event "Internationales Werder Bremen IM-Turnier"]
[Site "SV Werder Bremen, Clubräume in der Hemelinger Straße 17, Germany"]
[Date "2018.06.17"]
[Round "2.5"]
[White "Molchanov, Oleksii"]
[Black "Kardoeus, David"]
[Result "1-0"]
[TimeControl "90 Minuten/40 Züge + 30 Minuten/Rest + 30 Sekunden ab dem ersten Zug"]
[WhiteTitle "FM"]
[WhiteFideId "14119820"]
[BlackFideId "12912050"]
[WhiteElo "2350"]
[BlackElo "2226"]

1. c4 Nf6 2. g3 g6 3. Bg2 Bg7 4. Nc3 d6 5. e4 e5 6. Nge2 c5 7. d3 Nc6 8. O-O O-O 9. a3 Bd7 10.
Rb1 Nd4 11. b4 b6 12. h3 Nh5 13. Kh2 Rc8 14. Nd5 Qe8 15. Nxd4 cxd4 16. b5 f5 17. exf5 gxf5 18. f4 Kh8 19.
Bf3 Nf6 20. Nxf6 Bxf6 21. Qe2 e4 22. dxe4 fxe4 23. Qxe4 Rxc4 24. Bd2 Bxb5 25. Rfe1 Qxe4 26. Bxe4 Bd7 27. Bb4 Ba4 28. Rbc1 Rxc1 29.
Rxc1 Re8 30. Bd3 d5 31. g4 Be7 32. Bd2 Bd6 33. g5 a6 34. Kg3 b5 35. Rc6 Bxa3 36. Rxa6 Bb2 37. f5 Bc3 38.
Bf4 Be1+ 39. Kg2 Kg8 40. f6 Bc2 41. Bxc2 1-0

[Event "Internationales Werder Bremen IM-Turnier"]
[Site "SV Werder Bremen, Clubräume in der Hemelinger Straße 17, Germany"]
[Date "2018.06.17"]
[Round "2.1"]
[White "Grigorian, Spartak"]
[Black "Skliarov, Viktor"]
[Result "1/2-1/2"]
[TimeControl "90 Minuten/40 Züge + 30 Minuten/Rest + 30 Sekunden ab dem ersten Zug"]
[BlackTitle "IM"]
[WhiteFideId "24661490"]
[BlackFideId "14106736"]
[WhiteElo "2359"]
[BlackElo "2359"]

1. e4 c5 2. Nc3 Nc6 3. Bb5 Nd4 4. Bc4 g6 5. Nf3 Bg7 6. Nxd4 cxd4 7. Qf3 Nh6 8. Ne2 O-O 9. d3 Ng4 10.
Bb3 d6 11. Qg3 a5 12. a4 Qb6 13. h4 h5 14. f3 Ne5 15. Nf4 e6 16. O-O Bd7 17. Qh3 Bh6 18. g4 Bxf4 19. Bxf4 Nxd3 20.
cxd3 e5 21. Bc4 exf4 22. Qh2 Qd8 23. gxh5 Kg7 24. Qxf4 Qe7 25. Rf2 Rh8 26. hxg6 fxg6 27. Qg5 Qxg5+ 28. hxg5 Rh5 29. Rg2 Rf8 30.
Rg3 Rfh8 31. Kf2 Rh2+ 32. Rg2 R2h3 33. Ke2 Rh2 34. Kf2 R2h3 35. Rc1 Rf8 36. Rg3 Rh2+ 37. Rg2 Rh3 38. Rg3 Rh2+ 39.
Rg2 Rh3 1/2-1/2


[ePGN "0.1;DGT LiveChess/2.1"]

[Event "Internationales Werder Bremen IM-Turnier"]
[Site "SV Werder Bremen, Clubräume in der Hemelinger Straße 17, Germany"]
[Date "2018.06.18"]
[Round "3.5"]
[White "Skliarov, Viktor"]
[Black "Ahlander, Björn"]
[Result "1-0"]
[TimeControl "90 Minuten/40 Züge + 30 Minuten/Rest + 30 Sekunden ab dem ersten Zug"]
[WhiteTitle "IM"]
[BlackTitle "IM"]
[WhiteFideId "14106736"]
[BlackFideId "1700251"]
[WhiteElo "2359"]
[BlackElo "2435"]

1. e4 c5 2. Nf3 d6 3. d4 cxd4 4. Qxd4 Nc6 5. Bb5 Bd7 6. Bxc6 Bxc6 7. Nc3 e5 8. Qc4 h6 9. O-O Nf6 10.
Rd1 Qc8 11. b3 Qe6 12. Nd5 Bxd5 13. exd5 Qd7 14. Qe2 Be7 15. c4 O-O 16. Bb2 Rae8 17. Rac1 Bd8 18. b4 Nh5 19. Nd2 Nf4 20.
Qf3 f5 21. c5 Bg5 22. c6 Qe7 23. Rc2 e4 24. Qb3 Qf7 25. Nf1 Bf6 26. Bxf6 Qxf6 27. Qe3 Qg5 28. Qg3 Qxg3 29. hxg3 Nd3 30.
cxb7 Re7 31. a3 Rxb7 32. Rc6 Rb6 33. Ne3 Ne5 34. Rxb6 axb6 35. a4 g5 36. a5 f4 37. gxf4 gxf4 38.
Nf1 Nd3 39. axb6 Rb8 40. f3 Rxb6 41. fxe4 Nxb4 42. Kf2 Rb8 43. Kf3 Rf8 44. Nd2 Nd3 45. Nc4 Ne5+ 46. Nxe5 dxe5 47. Kg4 Kg7 48.
d6 Kf6 49. d7 h5+ 50. Kxh5 Rh8 51. Kg4 Rg8+ 52. Kf3 Rd8 53. Rd5 Ke6 54. Ke2 f3+ 55. Kxf3 Kf6 56. Ke3 Ke6 57. Kd3 Kf6 58.
Kc4 Kg5 59. Rxe5+ Kf4 60. Re7 1-0

[Event "Internationales Werder Bremen IM-Turnier"]
[Site "SV Werder Bremen, Clubräume in der Hemelinger Straße 17, Germany"]
[Date "2018.06.18"]
[Round "3.1"]
[White "Kardoeus, David"]
[Black "Grigorian, Spartak"]
[Result "0-1"]
[TimeControl "90 Minuten/40 Züge + 30 Minuten/Rest + 30 Sekunden ab dem ersten Zug"]
[WhiteFideId "12912050"]
[BlackFideId "24661490"]
[WhiteElo "2226"]
[BlackElo "2359"]

1. e4 c5 2. Nf3 d6 3. d4 cxd4 4. Nxd4 Nf6 5. Nc3 a6 6. Bg5 e6 7. f4 h6 8. Bh4 Qb6 9. Qd3 Qxb2 10.
Rb1 Qa3 11. Bxf6 gxf6 12. Nb3 Nd7 13. Qd4 Be7 14. Be2 h5 15. O-O b5 16. Kh1 Bb7 17. Rf3 h4 18. Rh3 Bc6 19. Re1 Rc8 20.
Bg4 Rc7 21. Nd5 Bxd5 22. exd5 e5 23. Bxd7+ Kxd7 24. fxe5 fxe5 25. Qg4+ Ke8 26. Rf3 Qxa2 27. h3 Rc4 28. Qg7 Rf8 29.
Ra1 Qxc2 30. Rxa6 Qd1 31. Kh2 Qxd5 32. Ra7 e4 33.
Rf2 e3 34. Re2 Re4 35. Na5 Qe5 36. Qxe5 Rxe5 37. Nc6 Bf6 38. g3 hxg3 39. Kg2 Re6 40. Kf3 Rh8 41. Rc2 Kf8 0-1

[Event "Internationales Werder Bremen IM-Turnier"]
[Site "SV Werder Bremen, Clubräume in der Hemelinger Straße 17, Germany"]
[Date "2018.06.18"]
[Round "3.3"]
[White "Reuker, Jari"]
[Black "Osmanodja, Filiz"]
[Result "0-1"]
[TimeControl "90 Minuten/40 Züge + 30 Minuten/Rest + 30 Sekunden ab dem ersten Zug"]
[BlackTitle "WIM"]
[WhiteFideId "12909300"]
[BlackFideId "24633569"]
[WhiteElo "2389"]
[BlackElo "2352"]

1. d4 Nf6 2. c4 e6 3. Nc3 Bb4 4. Qc2 O-O 5. a3 Bxc3+ 6. Qxc3 h6 7. f3 d5 8. cxd5 exd5 9. Bf4 c6 10.
e3 Nh5 11. Be5 Nd7 12. g4 Nxe5 13. dxe5 Qh4+ 14. Ke2 Ng3+ 15. hxg3 Qxh1 16. Kf2 Bxg4 17. Bg2 Qh5 18. fxg4 Qxg4 19.
Nf3 f6 20. Rh1 fxe5 21. Qxe5 Rxf3+ 22. Bxf3 Rf8 23. Ke1 Rxf3 24. Rg1 Qc4 25. Qb8+ Rf8 0-1

[Event "Internationales Werder Bremen IM-Turnier"]
[Site "SV Werder Bremen, Clubräume in der Hemelinger Straße 17, Germany"]
[Date "2018.06.18"]
[Round "3.4"]
[White "Grabarczyk, Miroslav"]
[Black "Charmeteau, Sven"]
[Result "0-1"]
[TimeControl "90 Minuten/40 Züge + 30 Minuten/Rest + 30 Sekunden ab dem ersten Zug"]
[WhiteTitle "GM"]
[BlackTitle "FM"]
[WhiteFideId "1101684"]
[BlackFideId "638285"]
[WhiteElo "2402"]
[BlackElo "2287"]

1. d4 Nf6 2. c4 g6 3. Nf3 Bg7 4. g3 c6 5. Bg2 d5 6. Qb3 O-O 7. O-O Qb6 8. Nc3 Rd8 9. Rd1 Bf5 10.
Ne1 dxc4 11. Qxc4 Na6 12. e4 Be6 13. d5 cxd5 14. exd5 Bg4 15. Bf3 Rac8 16. Qe2 Bxf3 17. Nxf3 Nb4 18.
Be3 Qa5 19. d6 Rxd6 20. Rxd6 exd6 21. Qb5 Qxb5 22. Nxb5 Ne4 23. Bxa7 Bxb2 24. Rb1 Rc1+ 25. Rxc1 Bxc1 26. a4 Nc6 27.
Bb6 Kf8 28. Kf1 Ke7 29. Ke2 Bb2 30. Kd3 f5 31. Kc4 Bf6 32. Be3 Kd7 33. h4 Na5+ 34. Kb4 Nc6+ 35. Kc4 Ne7 36. Kd3 Nd5 37.
Ba7 Ndc3 38. Nxc3 Nxc3 39. a5 Ne4 40. Kc4 Kc6 41. Nd4+ Bxd4 42. Bxd4 Nd2+ 43. Kb4 Nf3 44. Ba7 f4 45.
Bb6 h5 46. Kc4 Ng1 47. Kd3 Kd5 48. gxf4 Nf3 49. Bd8 Nd4 50. Bb6 Nf5 51. Bd8 Ng7 52. Bf6 Ne6 53. Ke3 Kc4 54. Ke4 d5 55.
Ke5 d4 56. f5 d3 57. Bg5 Nxg5 58. fxg6 Ne6 59. Kxe6 d2 60. g7 d1=Q 61. Kf7 Qd5+ 62. Kf8 Qf5+ 63. Kg8 Qxa5 64. Kh8 Qc3 65.
Kh7 Qd3 66. Kh8 Qd4 67. Kh7 Qe4 68. Kh8 Qd4 69. Kh7 Qd3 70. Kh8 Qd4 71. Kh7 Qxg7 72. Kxg7 Kd5 73. f4 Ke4 74. Kg6 Kxf4 75.
Kxh5 b5 76. Kg6 b4 77. h5 b3 78. h6 b2 79. h7 b1=Q+ 80. Kg7 Qb7+ 81. Kg8 Kf5 82. h8=Q Kg6 0-1

[Event "Internationales Werder Bremen IM-Turnier"]
[Site "SV Werder Bremen, Clubräume in der Hemelinger Straße 17, Germany"]
[Date "2018.06.18"]
[Round "3.2"]
[White "Wachinger, Nikolas"]
[Black "Molchanov, Oleksii"]
[Result "1/2-1/2"]
[TimeControl "90 Minuten/40 Züge + 30 Minuten/Rest + 30 Sekunden ab dem ersten Zug"]
[BlackTitle "FM"]
[WhiteFideId "12962791"]
[BlackFideId "14119820"]
[WhiteElo "2292"]
[BlackElo "2350"]

1. e4 c6 2. d4 d5 3. e5 Bf5 4. Nf3 e6 5. Be2 c5 6. Be3 Qb6 7. Nc3 Nc6 8. O-O Qxb2 9. Qe1 cxd4 10.
Bxd4 Nxd4 11. Nxd4 Bb4 12. Rb1 Bxc3 13. Rxb2 Bxe1 14. Rxe1 b6 15. h4 h5 16. Nb5 Kf8 17. Nd6 Ne7 18.
c4 dxc4 19. Bxc4 Rd8 20. g3 g5 21. hxg5 h4 22. Kg2 hxg3 23. fxg3 Rg8 24. Rf2 Rxg5 25. Ref1 Rd7 26. Bb3 Ng6 27.
Nxf5 exf5 28. e6 Rd3 29. exf7 Rdxg3+ 30. Kh1 f4 31. Rd1 Kg7 32. Rd8 Nf8 33. Rd4 f3 34. Kh2 Rg2 35. Rxg2 Rxg2 36.
Kh3 Ng6 37. Rd8 Nf4 38. Kh4 Ng6 39. Kh3 Nf4 1/2-1/2

[ePGN "0.1;DGT LiveChess/2.1"]

[Event "Internationales Werder Bremen IM-Turnier"]
[Site "SV Werder Bremen, Clubräume in der Hemelinger Straße 17, Germany"]
[Date "2018.06.19"]
[Round "4.4"]
[White "Molchanov, Oleksii"]
[Black "Reuker, Jari"]
[Result "1/2-1/2"]
[TimeControl "90 Minuten/40 Züge + 30 Minuten/Rest + 30 Sekunden ab dem ersten Zug"]
[WhiteTitle "FM"]
[WhiteFideId "14119820"]
[BlackFideId "12909300"]
[WhiteElo "2350"]
[BlackElo "2389"]

1. c4 Nf6 2. Nf3 e6 3. e3 d5 4. b3 Be7 5. Bb2 O-O 6. Nc3 dxc4 7. Bxc4 a6 8. d4 b5 9. Be2 Bb7 10.
O-O c5 11. dxc5 Bxc5 12. Qxd8 Rxd8 13. Rac1 Nbd7 14. Rfd1 Rac8 15. Nb1 Nd5 16. Ne5 Nxe5 17. Bxe5 f6 18. Bb2 Bb6 19. Bf3 Rxc1 20.
Rxc1 Rd7 21. Rd1 Rc7 22. Rc1 Rxc1+ 23. Bxc1 Kf7 24. Kf1 e5 25. Bd2 Ke6 26. Nc3 Bc6 27. Nxd5 Bxd5 28. Bxd5+ Kxd5 29.
Ke2 h5 30. f3 e4 31. f4 Ke6 32. h3 Kf5 33. g3 Bc5 34. Bc3 Bf8 35. Be1 Ke6 36. g4 hxg4 37. hxg4 f5 38. gxf5+ Kxf5 39.
Bc3 g6 40. Bd4 Ba3 41. Kd2 Kg4 42. Ke2 Kf5 43. Kd2 Bb4+ 44. Ke2 Ke6 45. Bg7 Bc5 46. Bc3 Kd5 47. Kd2 Be7 48. Ke2 Bh4 49.
Kd2 Bd8 50. Ke2 a5 51. Kd2 a4 52. Ke2 Be7 53. Kd2 Ba3 54. Kd1 Kc5 55. Bf6 Kd5 56. Bc3 Ke6 57. Ke2 Kf5 58. Kd2 Be7 59.
Ke2 Bc5 60. Bd2 Ba3 61. Bc3 Bc1 62. Bd4 Ke6 63. Kd1 Ba3 64. Bc3 Bc5 65. Ke2 Be7 1/2-1/2

[Event "Internationales Werder Bremen IM-Turnier"]
[Site "SV Werder Bremen, Clubräume in der Hemelinger Straße 17, Germany"]
[Date "2018.06.19"]
[Round "4.1"]
[White "Grigorian, Spartak"]
[Black "Ahlander, Björn"]
[Result "1-0"]
[TimeControl "90 Minuten/40 Züge + 30 Minuten/Rest + 30 Sekunden ab dem ersten Zug"]
[BlackTitle "IM"]
[WhiteFideId "24661490"]
[BlackFideId "1700251"]
[WhiteElo "2359"]
[BlackElo "2435"]

1. Nf3 d5 2. c4 e6 3. g3 Nf6 4. Bg2 Be7 5. O-O O-O 6. b3 c5 7. Bb2 Nc6 8. e3 b6 9. Nc3 Ba6 10.
Qe2 Qd7 11. d4 cxd4 12. exd4 Rac8 13. Ne5 Qc7 14. Nb5 Bxb5 15. cxb5 Nxe5 16. dxe5 Nd7 17. Rac1 Qb7 18. a3 Rxc1 19.
Rxc1 Rc8 20. Rxc8+ Qxc8 21. b4 Bg5 22. f4 Be7 23. Bh3 Nf8 24. Qd3 Qc7 25. Bg4 g6 26. h4 Nd7 27. Kg2 Bf8 28.
Bd1 Bg7 29. Qe2 Kf8 30. Bc2 Ke7 31. h5 Kf8 32. Bd3 Kg8 33. Qg4 Qd8 34. Qh3 Nb8 35. Qh1 Qc7 36. Qh4 Qd7 37. Kf2 Bf8 38.
g4 Be7 39. Qh3 Bd8 40. f5 Qe7 41. hxg6 fxg6 42. fxg6 Qh4+ 43. Qxh4 Bxh4+ 44. Kf3 h6 45. Bf5 exf5 46. gxf5 Nd7 47.
Kg4 Bg5 48. f6 Nf8 49. Kf5 Be3 50. e6 Nxe6 51. Kxe6 d4 52. Ke7 Bg5 53. Bxd4 h5 54. Ke6 1-0

[Event "Internationales Werder Bremen IM-Turnier"]
[Site "SV Werder Bremen, Clubräume in der Hemelinger Straße 17, Germany"]
[Date "2018.06.19"]
[Round "4.3"]
[White "Osmanodja, Filiz"]
[Black "Grabarczyk, Miroslav"]
[Result "1/2-1/2"]
[TimeControl "90 Minuten/40 Züge + 30 Minuten/Rest + 30 Sekunden ab dem ersten Zug"]
[WhiteTitle "WIM"]
[BlackTitle "GM"]
[WhiteFideId "24633569"]
[BlackFideId "1101684"]
[WhiteElo "2352"]
[BlackElo "2402"]

1. e4 e5 2. Nf3 Nf6 3. Nxe5 d6 4. Nf3 Nxe4 5. Nc3 Nf6 6. d4 Be7 7. Bd3 Bg4 8. h3 Bh5 9. Bf4 O-O 10.
g4 Bg6 11. d5 Re8 12. Bxg6 hxg6 13. Qd2 Bf8+ 14. Be3 Nbd7 15. O-O-O Nb6 16. Bg5 Qd7 17. Qf4 Nh7 18. Bh4 c6 19.
g5 Nxd5 20. Nxd5 cxd5 21. Rxd5 Rac8 22. c3 Rc5 23. Qd2 Qa4 24. Kb1 Qe4+ 25. Rd3 Rd5 26. Rd1 1/2-1/2

[Event "Internationales Werder Bremen IM-Turnier"]
[Site "SV Werder Bremen, Clubräume in der Hemelinger Straße 17, Germany"]
[Date "2018.06.20"]
[Round "5.4"]
[White "Skliarov, Viktor"]
[Black "Osmanodja, Filiz"]
[Result "1/2-1/2"]
[TimeControl "90 Minuten/40 Züge + 30 Minuten/Rest + 30 Sekunden ab dem ersten Zug"]
[WhiteTitle "IM"]
[BlackTitle "WIM"]
[WhiteFideId "14106736"]
[BlackFideId "24633569"]
[WhiteElo "2359"]
[BlackElo "2352"]

1. e4 c5 2. Nf3 d6 3. d4 cxd4 4. Qxd4 Nc6 5. Bb5 Bd7 6. Bxc6 Bxc6 7. Nc3 Nf6 8. Bg5 e6 9. O-O-O Be7 10.
Rhe1 O-O 11. Kb1 h6 12. Bh4 Qc7 13. Qd3 a6 14. Nd4 Rfd8 15. f3 b5 16. g4 b4 17. Nce2 Be8 18. g5 Nh7 19.
f4 Rdc8 20. Rg1 hxg5 21. fxg5 g6 22. Qd2 e5 23. Nf3 Bd7 24. Ng3 Be6 25. Nf5 gxf5 26. g6 Nf8 27. Bxe7 Qxe7 28. g7 Nh7 29.
Qh6 Qf6 30. Qh5 Re8 31. Ng5 Qg6 32. Qh4 f4 33. Rde1 f5 34. Nh3 Qf6 35. Ng5 Qg6 36. Nh3 Qf6 37. Ng5 Nxg5 38. Rxg5 Kf7 39.
Qh5+ Ke7 40. exf5 Bf7 41. Qg4 Kd7 42. h4 1/2-1/2

[Event "Internationales Werder Bremen IM-Turnier"]
[Site "SV Werder Bremen, Clubräume in der Hemelinger Straße 17, Germany"]
[Date "2018.06.20"]
[Round "5.5"]
[White "Ahlander, Björn"]
[Black "Charmeteau, Sven"]
[Result "1-0"]
[TimeControl "90 Minuten/40 Züge + 30 Minuten/Rest + 30 Sekunden ab dem ersten Zug"]
[WhiteTitle "IM"]
[BlackTitle "FM"]
[WhiteFideId "1700251"]
[BlackFideId "638285"]
[WhiteElo "2435"]
[BlackElo "2287"]

1. d4 Nf6 2. Nf3 g6 3. e3 Bg7 4. Be2 b6 5. O-O O-O 6. a4 a6 7. b4 c5 8. c3 Bb7 9. bxc5 bxc5 10.
Ba3 cxd4 11. cxd4 d6 12. Nbd2 Nbd7 13. Bd3 Re8 14. Rb1 Rb8 15. Bc4 Qa5 16. Bb4 Qf5 17. Qe2 a5 18. Ba3 Bc6 19.
Rbc1 Ba8 20. h3 Qh5 21. Bb5 Rec8 22. e4 Nb6 23. d5 Nfd7 24. Nb3 f5 25. Bc6 Bxc6 26. dxc6 Ne5 27. Nbd4 Nxa4 28.
exf5 gxf5 29. Bxd6 Rb2 30. Qa6 Nxf3+ 31. Nxf3 Qe8 32. Ba3 1-0

[Event "Internationales Werder Bremen IM-Turnier"]
[Site "SV Werder Bremen, Clubräume in der Hemelinger Straße 17, Germany"]
[Date "2018.06.20"]
[Round "5.1"]
[White "Wachinger, Nikolas"]
[Black "Grigorian, Spartak"]
[Result "1/2-1/2"]
[TimeControl "90 Minuten/40 Züge + 30 Minuten/Rest + 30 Sekunden ab dem ersten Zug"]
[WhiteFideId "12962791"]
[BlackFideId "24661490"]
[WhiteElo "2292"]
[BlackElo "2359"]

1. e4 e6 2. d4 d5 3. Nd2 dxe4 4. Nxe4 Nd7 5. Nf3 Ngf6 6. Bd3 c5 7. Bg5 cxd4 8. O-O Qb6 9. Bxf6 Nxf6 10.
Nxf6+ gxf6 11. Nxd4 Bd7 12. c3 Bc5 13. Nb3 Bc6 14. Qh5 Rg8 15. g3 Rg5 16. Qxh7 Ke7 17. Be2 Rag8 18. Nxc5 Qxc5 19.
Qd3 Rd8 20. Qc4 Rd2 21. b4 Qf5 22. b5 Qxb5 23. Qxb5 Bxb5 24. Bxb5 Rxb5 25. Rfd1 Rxd1+ 26. Rxd1 Rb2 27. a4 Rb3 28. c4 Rb4 29. c5 a5 30.
Kf1 f5 31. Ke2 e5 32. Rd5 f6 33.
c6 Rxa4 34. cxb7 Rb4 35. Rxa5 Rxb7 1/2-1/2